 Dungeon Crawl Stone Soup version 0.18.1-6-gd335043 (webtiles) character file.

10 Goblin1989 the Gusty (level 2, 0/15 HPs)
             Began as a Gargoyle Wanderer on May 16, 2016.
             Slain by a rat (1 damage)
             ... on level 1 of the Dungeon.
             The game lasted 00:01:14 (572 turns).

Goblin1989 the Gusty (Gargoyle Wanderer)             Turns: 572, Time: 00:01:14

Health: 0/15       AC:  4    Str: 12    XL:     2   Next: 20%
Magic:  3/3        EV: 11    Int: 10    God:
Gold:   49         SH:  0    Dex: 14    Spells: 0 memorised, 3 levels left

rFire  . . .     SeeInvis .     h - +0 club
rCold  . . .     Gourm    .     d - +0 robe
rNeg   + . .     Faith    .     (no shield)
rPois  ∞         Spirit   .     (no helmet)
rElec  +         Dismiss  .     (no cloak)
rCorr  .         Reflect  .     (no gloves)
SustAt .         Harm     .     (no boots)
MR     .....                    (no amulet)
Stlth  +.........               (no ring)
                                (no ring)

@: not resistant to hostile enchantments, very unstealthy
A: negative energy resistance 1, electricity resistance, unbreathing,
petrification resistance, rot immunity, AC +2
a: no special abilities


You were on level 1 of the Dungeon.
You were not hungry.

You visited 1 branch of the dungeon, and saw 1 of its levels.

You collected 49 gold pieces.

Inventory:

Hand Weapons
 h - a +0 club (weapon)
Armour
 d - a +0 robe (worn)
Scrolls
 c - a scroll of teleportation
 e - a scroll of immolation {unknown}
 g - a scroll of recharging {unknown}
 i - a scroll of identify {unknown}
Potions
 a - 2 potions of degeneration {unknown}
 b - a potion of mutation {unknown}
 j - a potion of flight {unknown}
 k - a potion of might {unknown}
 l - 2 potions of curing {unknown}
Comestibles
 f - a bread ration


   Skills:
   Level 1.4 Short Blades
 + Level 0.4 Maces & Flails
 - Level 1.7 Throwing
 - Level 1.0 Spellcasting
   Level 2.0 Ice Magic
   Level 2.4 Air Magic
   Level 2.0 Poison Magic


You had 3 spell levels left.
You didn't know any spells.

Dungeon Overview and Level Annotations

Branches:
Dungeon (1/15)

Altars:


Innate Abilities, Weirdness & Mutations

You are resistant to torment.
Your stone body is resilient (AC +2).
You are immune to poison.
You resist negative energy.
You are resistant to electric shocks.
You can survive without breathing.
You are immune to petrification.
You are immune to rotting.


Message History

You are too injured to fight recklessly!
You are too injured to fight recklessly!
The bat hits you.
There is an open door here.
You take 1 damage, and have 7/15 hp.
The bat closely misses you.
You barely miss the rat. The rat bites you.
You take 1 damage, and have 6/15 hp.
You barely miss the rat. The rat bites you.
You take 2 damage, and have 4/15 hp.
You hit the rat. The rat completely misses you. The rat bites you.
You take 2 damage, and have 2/15 hp.
You barely miss the rat. The rat barely misses you.
You hit the rat but do no damage. The rat bites you.
You take 1 damage, and have 1/15 hp.
You barely miss the rat. The rat barely misses you.
You hit the rat but do no damage. The rat misses you.
The giant cockroach waves its antennae.
The rat bites you.
You die...

##+# # ##...#
#####. # #.....#
#...... .......##
#..##.#
........####...#.#
.......sbr@>.....#
........####...#.#
# .......##
#..##.#.# #.....#
#>###.#.# ##...#
#.......# ##+#
#####.### #. #.#
#.# #.# ##.## #.#


You could see a giant cockroach, a bat and a rat.

Vanquished Creatures
  An ooze (D:1)
  3 hobgoblins (D:1)
  2 rats (D:1)
6 creatures vanquished.

Notes
Turn   | Place    | Note
--------------------------------------------------------------
     0 | D:1      | Goblin1989 the Gargoyle Wanderer began the quest for the Orb.
     0 | D:1      | Goblin1989 set off with: a book of Frost, Xakles's Catalogue of the Entourage, a scroll of teleportation, a +0 robe, a +0 dagger, a bread ration
     0 | D:1      | Reached XP level 1. HP: 10/10 MP: 2/2
     0 | D:1      | Identified Xakles's Catalogue of the Entourage
    44 | D:1      | Reached skill level 1 in Short Blades
   206 | D:1      | Reached XP level 2. HP: 9/15 MP: 3/3
   572 | D:1      | Slain by a rat

Skill      XL: |  1 |
---------------+----+-----
Short Blades   | 1 |  1.4
Maces & Flails | |  0.4
Throwing       | |  1.7
Spellcasting   | |  1.0
Ice Magic      | |  2.0
Air Magic      | |  2.4
Poison Magic   | |  2.0

Action                   || total
-------------------------++-------
Melee: Dagger            ||    23
       Club              ||    26
Armor: Robe              ||    10
Dodge: Dodged            ||    40
